AoeStats
← Scurvy Enjoyer

Arabia

505374205Analyzed
2v2 RM · 21d ago on Sep 9, 2026· 50m 0s· 4 players
Game mode
Random Map
Map size
Medium (4 player)
Population
200
Speed
Normal
Resources
Standard
Victory
Conquest
Starting age
Dark Age
Ending age
Imperial Age
RankedLock teamsTeams togetherTeam positionsShared explorationLock speedFull tech treeHidden civsTurbo modeCheats
Victory
Defeat
🇺🇸 Teutons · United States
1011
+15
🇺🇸 Britons · United States
1011
+15
🇧🇷 Persians · Brazil
995
-15
🇧🇷 Britons · Brazil
980
-15
JUNIOR_DEMON_KUKAH
6:59 Loom
9:18 Feudal Age
21:40 Castle Age
21:13 Forging
21:11 Scale Mail Armor
22:53 Scale Barding Armor
23:46 Double-Bit Axe
28:02 Chain Barding Armor
30:31 Iron Casting
32:33 Horse Collar
34:54 Bloodlines
34:44 Husbandry
34:55 Bloodlines
36:59 Chain Mail Armor
36:40 Pikeman
38:32 Squires
43:56 Town Watch
45:13 Town Patrol
49:14 Gambesons
ANDREZZA_KUKAH
9:41 Feudal Age
13:04 Loom
15:22 Padded Archer Armor
15:30 Fletching
17:46 Gold Mining
17:43 Double-Bit Axe
19:33 Town Watch
23:02 Castle Age
21:32 Horse Collar
24:11 Bodkin Arrow
25:24 Bow Saw
26:13 Heavy Plow
26:30 Crossbowman
28:03 Leather Archer Armor
33:46 Ballistics
36:32 Murder Holes
38:33 Pikeman
39:13 Squires
41:08 Scale Mail Armor
Hupee
5:37 Loom
8:52 Feudal Age
16:22 Double-Bit Axe
20:53 Bloodlines
23:18 Castle Age
21:57 Wheelbarrow
22:01 Horse Collar
22:13 Town Watch
22:53 Bloodlines
23:36 Scale Barding Armor
23:42 Forging
26:20 Bow Saw
26:13 Heavy Plow
28:07 Chain Barding Armor
29:15 Hand Cart
40:49 Imperial Age
38:58 Iron Casting
38:13 Fletching
40:10 Bodkin Arrow
40:18 Padded Archer Armor
41:40 Town Patrol
42:48 Plate Barding Armor
43:14 Blast Furnace
41:39 Cavalier
43:15 Paladin
47:22 Siege Engineers
47:28 Masonry
48:20 Chemistry
47:41 Ballistics
47:33 Fortified Wall
48:28 Two-Man Saw
48:00 Crop Rotation
Scurvy Enjoyer
7:04 Loom
9:35 Feudal Age
10:40 Double-Bit Axe
16:39 Fletching
20:39 Horse Collar
24:14 Castle Age
25:04 Bodkin Arrow
24:36 Crossbowman
28:44 Padded Archer Armor
31:06 Bow Saw
33:34 Pikeman
42:26 Yeomen
42:29 Leather Archer Armor
45:32 Imperial Age
46:51 Arbalester
48:03 Bracer
50:21 Chemistry
49:44 Ballistics
Connection lost

Rejoining the realm…

Still unreachable

The connection could not be restored.

Session expired

The server has moved on; the page needs a fresh start.